 Dungeon Crawl Stone Soup version 0.18.1-8-gdd0e5ea (webtiles) character file.

13421 protoss039 the Protected (level 12, -3/75 HPs)
             Began as a Gargoyle Fighter on June 11, 2016.
             Was a High Priest of Okawaru.
             Slain by Snorg (15 damage)
             ... on level 12 of the Dungeon.
             The game lasted 00:38:07 (11858 turns).

protoss039 the Protected (Gargoyle Fighter)        Turns: 11858, Time: 00:38:08

Health: -3/75      AC: 34    Str: 27    XL:     12   Next: 5%
Magic:  14/14      EV:  7    Int: 11    God:    Okawaru [*****.]
Gold:   886        SH: 12    Dex:  9    Spells: 0 memorised, 11 levels left

rFire  + . .     SeeInvis .     d - +3 flail (protect)
rCold  . . .     Gourm    .     x - +0 plate armour
rNeg   + . .     Faith    .     c - +0 shield
rPois  ∞         Spirit   .     E - +1 helmet
rElec  +         Dismiss  .     A - +2 cloak "Radudecw" {+Fly Str+4 Stlth+}
rCorr  .         Reflect  .     (no gloves)
SustAt .         Harm     .     (no boots)
MR     .....                    (no amulet)
Stlth  ..........               q - ring of stealth
                                l - ring of protection from fire

@: not resistant to hostile enchantments, extremely unstealthy
A: negative energy resistance 1, electricity resistance, unbreathing,
petrification resistance, rot immunity, AC +8
a: Heroism, Finesse, Renounce Religion, Evoke Flight


You were on level 12 of the Dungeon.
You worshipped Okawaru.
Okawaru was extremely pleased with you.
You were not hungry.

You visited 2 branches of the dungeon, and saw 13 of its levels.

You collected 886 gold pieces.

Inventory:

Hand Weapons
 d - a +3 flail of protection (weapon)
Missiles
 C - 24 poisoned needles (quivered)
 Q - 5 curare-tipped needles
Armour
 c - a +0 shield (worn)
 x - a +0 plate armour (worn)
 A - the +2 cloak "Radudecw" (worn) {+Fly Str+4 Stlth+}
   (You found it on level 4 of the Dungeon)

   It affects your strength (+4).
   It lets you fly.
   It makes you more stealthy.
 E - a +1 helmet (worn)
Jewellery
 l - a ring of protection from fire (left hand)
 q - a ring of stealth (right hand)
Wands
 z - a wand of confusion (13/48)
 H - a wand of flame (29/48)
 K - a wand of polymorph (11/24)
 M - a wand of disintegration (16/24)
 S - a wand of polymorph (10/24)
Scrolls
 b - a scroll of enchant weapon
 e - 7 scrolls of identify
 j - a scroll of amnesia
 s - 9 scrolls of remove curse
 t - 4 scrolls of teleportation
 y - a scroll of magic mapping {unknown}
 F - 2 scrolls of enchant armour
 J - 2 scrolls of fog
 P - a scroll of blinking
 T - a scroll of recharging
Potions
 a - a potion of degeneration {unknown}
 k - a potion of brilliance
 n - 4 potions of flight
 p - a potion of cure mutation
 B - 2 potions of agility
 D - 3 potions of lignification
 L - a potion of berserk rage
 O - a potion of ambrosia {unknown}
Books
 h - a book of Changes

   Spells                             Type                      Level
   a - Beastly Appendage              Transmutation                1
   b - Sticks to Snakes               Transmutation                2
   c - Spider Form                    Transmutation/Poison         3
   d - Ice Form                       Ice/Transmutation            4
   e - Blade Hands                    Transmutation                5
 u - a book of Alchemy

   Spells                             Type                      Level
   a - Sublimation of Blood           Necromancy                   2
   b - Ignite Poison                  Fire/Transmutation/Poison    3
   c - Petrify                        Transmutation/Earth          4
   d - Alistair's Intoxication        Transmutation/Poison         5
   e - Irradiate                      Conjuration/Transmutation    5
 v - a book of Geomancy

   Spells                             Type                      Level
   a - Sandblast                      Earth                        1
   b - Passwall                       Transmutation/Earth          2
   c - Stone Arrow                    Conjuration/Earth            3
   d - Petrify                        Transmutation/Earth          4
   e - Lee's Rapid Deconstruction     Earth                        5
 w - a book of Battle

   Spells                             Type                      Level
   a - Infusion                       Charms                       1
   b - Shroud of Golubria             Charms/Translocation         2
   c - Song of Slaying                Charms                       2
   d - Spectral Weapon                Hexes/Charms                 3
   e - Regeneration                   Charms/Necromancy            3
 I - a Grand Grimoire

   Spells                             Type                      Level
   a - Monstrous Menagerie            Summoning                    7
   b - Summon Greater Demon           Summoning                    7
   c - Malign Gateway                 Summoning/Translocation      7
   d - Summon Horrible Things         Summoning                    8
 N - a book of Spatial Translocations

   Spells                             Type                      Level
   a - Apportation                    Translocation                1
   b - Blink                          Translocation                2
   c - Shroud of Golubria             Charms/Translocation         2
   d - Portal Projectile              Translocation                3
   e - Teleport Other                 Translocation                3
   f - Passage of Golubria            Translocation                4
Miscellaneous
 G - a stone of tremors (inert)
 R - a disc of storms
Comestibles
 f - 10 bread rations
 g - 10 fruits
 i - 5 meat rations
 m - 2 beef jerkies
 o - 15 chunks of flesh
 r - 13 slices of pizza


   Skills:
 + Level 8.3 Fighting
 + Level 9.6 Maces & Flails
 + Level 5.1 Throwing
 * Level 11.0 Armour
 - Level 0.4 Dodging
 + Level 10.8 Shields
 * Level 3.3 Invocations
 + Level 0.8 Evocations


You had 11 spell levels left.
You didn't know any spells.

Dungeon Overview and Level Annotations

Branches:
Dungeon (12/15)            Temple (1/1) D:6            Lair (0/8) D:8
    Orc (0/2) D:9

Altars:
Ashenzari
Cheibriados
Dithmenos
Elyvilon
Fedhas
Gozag
Kikubaaqudgha
Makhleb
Nemelex Xobeh
Okawaru
Pakellas
Qazlal
Ru
Sif Muna
Trog
Vehumet
Xom
Yredelemnul
Zin
The Shining One

Shops:
D:11 }

Portals:
Trove: D:12 (give 9 potions of agility)

Annotations:
D:11 exclusion: oklob plant
D:12 Snorg


Innate Abilities, Weirdness & Mutations

You are resistant to torment.
Your stone body is resilient (AC +8).
You are immune to poison.
You resist negative energy.
You are resistant to electric shocks.
You can survive without breathing.
You are immune to petrification.
You are immune to rotting.


Message History

You are too injured to fight recklessly!
You are too injured to fight recklessly!
You are too injured to fight recklessly!
You are too injured to fight recklessly!
You are too injured to fight recklessly!
You are too injured to fight recklessly!
You are too injured to fight recklessly!
You are too injured to fight recklessly!
You are too injured to fight recklessly!
You are too injured to fight recklessly!
You are too injured to fight recklessly!
You are too injured to fight recklessly!
You are too injured to fight recklessly!
Unknown command.
Press: ? - help, v - describe, . - travel
Here: Snorg (heavily wounded, berserk, fast, unusually strong)
The floor, spattered with blood.
The crimson imp hits you but does no damage.
Snorg bites you!
You die...

#...........#
#..# #.
#...........#
#..#
#...........#
#..#
#...........#
#..#
#...........#
#..#
#...........#
#..#
#...........####
#...............
#......5@.......
########T.######
#..# #..# #..#
#..# .... ....
.##..


You could see Snorg (berserk) and a crimson imp.

Vanquished Creatures
  Nessos (D:12)
  Urug (D:10)
  The ghost of nikopol the Spear-Bearer, a novice MiBe of Trog (D:8)
  Sonja (D:10)
  An unseen horror (D:11)
  A hill giant (D:11)
  A cyclops (D:12)
  Psyche (D:12)
  A gargoyle (D:12)
  A kobold demonologist (D:11)
  A guardian mummy (D:12)
  A troll (D:11)
  A two-headed ogre (D:8)
  A shadow (D:11)
  A hill giant zombie (D:9)
  A wyvern (D:9)
  9 yaks
  2 hippogriffs
  A steam dragon (D:8)
  2 hungry ghosts
  Menkaure (D:7)
  A water moccasin (D:9)
  3 orc warriors
  A sky beast (D:9)
  An ice beast (D:7)
  A necrophage (D:7)
  A black bear (D:8)
  A wasp (D:7)
  4 ogres
  5 phantoms
  10 centaurs
  7 giant frogs
  2 scorpions
  4 troll zombies (D:9)
  A howler monkey (D:5)
  5 crimson imps
  A giant frog zombie (D:3)
  2 jellies (D:10)
  A quasit (D:11)
  A centaur zombie (D:8)
  2 wasp zombies
  3 orc priests
  8 hounds
  2 centaur skeletons
  3 iguanas
  Terence (D:3)
  9 orc wizards
  9 worker ants
  3 ogre zombies (D:9)
  4 sheep (D:12)
  3 hound zombies
  2 hound skeletons
  A worker ant zombie (D:9)
  12 gnolls
  16 adders
  4 shadow imps
  3 oozes (D:2)
  A worm (D:2)
  3 dart slugs
  4 giant geckos
  51 orcs
  4 giant cockroaches
  9 goblins
  5 hobgoblins
  12 jackals
  6 quokkas
  A ball python (D:6)
  7 bats
  4 giant newts
  2 goblin skeletons
  4 goblin zombies
  2 hobgoblin zombies (D:5)
  8 kobolds
  A kobold zombie (D:5)
  An orc skeleton (D:9)
  20 orc zombies (D:9)
  11 rats
  A plant (D:11)
325 creatures vanquished.

Vanquished Creatures (others)
  A sky beast (D:10)
1 creature vanquished.

Grand Total: 326 creatures vanquished

Notes
Turn   | Place    | Note
--------------------------------------------------------------
     0 | D:1      | protoss039 the Gargoyle Fighter began the quest for the Orb.
     0 | D:1      | Reached XP level 1. HP: 14/14 MP: 1/1
    91 | D:1      | You fall through a shaft!
   107 | D:2      | Reached XP level 2. HP: 18/19 MP: 2/2
   464 | D:1      | Reached XP level 3. HP: 24/24 MP: 3/3
  1204 | D:2      | Found a deep blue altar of Sif Muna.
  1244 | D:2      | Reached XP level 4. HP: 27/29 MP: 4/4
  1669 | D:3      | Found a shadowy altar of Dithmenos.
  1679 | D:3      | Noticed Terence
  1680 | D:3      | Reached skill level 4 in Armour
  1689 | D:3      | Reached XP level 5. HP: 26/33 MP: 5/5
  1709 | D:3      | Killed Terence
  2078 | D:3      | Found a blossoming altar of Fedhas.
  2081 | D:3      | Found a stormy altar of Qazlal.
  2208 | D:3      | Found a radiant altar of Vehumet.
  2416 | D:3      | Reached XP level 6. HP: 31/38 MP: 6/6
  3009 | D:4      | Reached skill level 5 in Shields
  3348 | D:4      | Reached XP level 7. HP: 18/44 MP: 7/7
  3599 | D:4      | Found a bloodstained altar of Trog.
  3783 | D:4      | Got a spiked cloak
  3789 | D:4      | Identified the +2 cloak "Radudecw" {+Fly Str+4 Stlth+} (You found it on level 4 of the Dungeon)
  3905 | D:4      | Reached skill level 5 in Armour
  4127 | D:5      | Entered Level 5 of the Dungeon
  4258 | D:5      | Found a glowing golden altar of the Shining One.
  4413 | D:5      | You fall through a shaft for 3 floors!
  4428 | D:8      | Reached skill level 5 in Maces & Flails
  4498 | D:8      | Reached skill level 5 in Fighting
  4502 | D:8      | Reached XP level 8. HP: 45/49 MP: 8/8
  4507 | D:8      | Reached skill level 6 in Armour
  5184 | D:6      | Found a white marble altar of Elyvilon.
  5187 | D:6      | Reached skill level 1 in Throwing
  5215 | D:6      | Found a staircase to the Ecumenical Temple.
  5224 | Temple   | Entered the Ecumenical Temple
  5269 | Temple   | Became a worshipper of Warmaster Okawaru
  5567 | D:5      | Reached XP level 9. HP: 54/54 MP: 9/9
  6238 | D:7      | Reached skill level 7 in Armour
  6315 | D:7      | Noticed Menkaure
  6326 | D:7      | Killed Menkaure
  6387 | D:7      | Reached * piety under Okawaru
  7053 | D:8      | Noticed a two-headed ogre
  7058 | D:8      | Noticed nikopol's ghost (novice MiBe)
  7063 | D:8      | Killed a two-headed ogre
  7063 | D:8      | Reached skill level 8 in Armour
  7110 | D:8      | Killed nikopol's ghost
  7110 | D:8      | Reached ** piety under Okawaru
  7110 | D:8      | Reached XP level 10. HP: 18/61 MP: 10/10
  7121 | D:8      | Got a shimmering leather armour
  7664 | D:8      | Found a staircase to the Lair.
  7756 | D:8      | Reached *** piety under Okawaru
  7943 | D:8      | Reached skill level 9 in Armour
  8307 | D:9      | Found an opulent altar of Gozag.
  8346 | D:9      | Found a staircase to the Orcish Mines.
  9044 | D:9      | Reached **** piety under Okawaru
  9156 | D:10     | Entered Level 10 of the Dungeon
  9177 | D:10     | Noticed Sonja
  9206 | D:10     | Killed Sonja
  9206 | D:10     | Reached skill level 5 in Throwing
  9206 | D:10     | Reached XP level 11. HP: 63/67 MP: 11/11
  9463 | D:10     | Noticed Urug
  9499 | D:10     | Killed Urug
  9499 | D:10     | Reached skill level 10 in Armour
  9992 | D:10     | Reached skill level 10 in Shields
 10197 | D:11     | Found Buext's Gadget Shop.
 10307 | D:11     | Reached ***** piety under Okawaru
 10461 | D:11     | Noticed a hill giant
 10470 | D:11     | Noticed a hill giant
 10470 | D:11     | Noticed a hill giant
 10471 | D:11     | Killed a hill giant
 10500 | D:11     | Reached skill level 1 in Invocations
 10505 | D:11     | HP: 3/68 [hill giant/giant club[an orc] (21)]
 10859 | D:11     | Killed an unseen horror
 10916 | D:11     | Found a blossoming altar of Fedhas.
 10932 | D:11     | Noticed an oklob plant
 11429 | D:12     | Noticed Nessos
 11441 | D:12     | Killed Nessos
 11441 | D:12     | Received a gift from Okawaru
 11449 | D:12     | Noticed Psyche
 11460 | D:12     | Killed Psyche
 11485 | D:12     | Reached skill level 11 in Armour
 11632 | D:12     | Found a portal to a secret trove of treasure.
 11645 | D:12     | Reached XP level 12. HP: 74/74 MP: 14/14
 11839 | D:12     | Noticed Snorg
 11858 | D:12     | Slain by Snorg

Skill      XL: |  1  2  3  4  5  6  7  8  9 10 11 |
---------------+----------------------------------+-----
Fighting       | 4 5 6 7 8 |  8.3
Shields        | 4 5 7 8 9 10 | 10.8
Armour         | 4 5 6 8 9 11 | 11.0
Maces & Flails | 3 4 5 6 7 8 9 |  9.6
Throwing       | 1 3 5 |  5.1
Invocations    | 3 |  3.3
Dodging        | |  0.4
Evocations     | |  0.8

Action                   |  1- 3 |  4- 6 |  7- 9 | 10-12 || total
-------------------------+-------+-------+-------+-------++-------
Melee: Flail             |   137 |   257 |   404 |   780 ||  1578
Invok: Heroism           |       |       |       |     1 ||     1
 Abil: Evoke Flight      |       |       |       |     1 ||     1
Evoke: Stone of tremors  |       |       |       |     1 ||     1
       Wand              |       |       |       |     2 ||     2
       Disc of storms    |       |       |       |     1 ||     1
  Use: Scroll            |       |    10 |     7 |    13 ||    30
       Potion            |       |     2 |     3 |     4 ||     9
 Stab: Sleeping          |       |       |     2 |       ||     2
       Distracted        |       |       |     1 |       ||     1
  Eat: Chunk             |     1 |     6 |    13 |    23 ||    43
       Pizza             |       |     1 |       |     1 ||     2
Armor: Scale mail        |    97 |   219 |   164 |       ||   480
       Plate armour      |       |       |    87 |   666 ||   753
Dodge: Dodged            |    45 |   118 |   138 |   236 ||   537
Block: Shield            |    78 |   197 |   239 |   581 ||  1095
